 Dungeon Crawl Stone Soup version 0.30-a0-1018-g25214051b3 (webtiles) character file.

Game seed: 13324954679348272597

191 kae the Chopper (level 5, -1/45 HPs)
             Began as a Hill Orc Fighter on Apr 7, 2023.
             Slain by a gnoll
             ... wielding a +0 halberd
              (8 damage)
             ... on level 3 of the Dungeon.
             The game lasted 00:01:22 (1759 turns).

kae the Chopper (Hill Orc Fighter)                  Turns: 1759, Time: 00:01:23

Health: -1/45      AC:  9    Str: 21    XL:     5   Next: 70%
Magic:  5/5        EV:  9    Int:  8    God:
Gold:   135        SH:  4    Dex: 10    Spells: 4/4 levels left

rFire   . . .      SeeInvis .    m - +1 war axe (vamp)
rCold   . . .      Faith    .    c - +0 buckler
rNeg    . . .      Spirit   .    b - +0 scale mail
rPois   .          Reflect  .    (no helmet)
rElec   .          Rampage  .    (no cloak)
rCorr   .                        k - +0 pair of gloves
Will    .....                    n - +0 pair of boots Stlth
                                 (no amulet)
HPRegen 0.27/turn                (no ring)
MPRegen 0.09/turn                (no ring)

@: no status effects
A: no striking features
a: no special abilities


You were on level 3 of the Dungeon.
You visited 1 branch of the dungeon, and saw 3 of its levels.

You collected 135 gold pieces.


   Skills:
 - Level 3.6 Fighting
 + Level 7.6 Axes
 - Level 3.2 Armour
 - Level 3.2 Shields


You had 4 spell levels left.
You didn't know any spells.
Your spell library contained the following spells:

 Spells                   Type           Power      Damage    Failure   Level
 Sandblast                Erth           0%         2d4       83%         1
 Passwall                 Tmut/Erth      0%         N/A       93%         2
 Sublimation of Blood     Necr           0%         N/A       93%         2
 Wereblood                Tmut           0%         N/A       93%         2
 Stone Arrow              Conj/Erth      0%         3d7       99%         3
 Summon Guardian Golem    Hex/Summ       0%         N/A       99%         3
 Orb of Destruction       Conj           0%         9d5       100%        7
 Spellforged Servitor     Conj/Summ      0%         N/A       100%        7
 Summon Hydra             Summ           0%         N/A       100%        7

Inventory:

Hand Weapons
 a - a +0 war axe
 m - a +1 vampiric war axe (weapon)
   (You found it on level 1 of the Dungeon)
Missiles
 f - 28 stones (quivered)
 s - 7 boomerangs
Armour
 b - a +0 scale mail (worn)
 c - a +0 buckler (worn)
 k - a +0 pair of gloves (worn)
   (You found it on level 3 of the Dungeon)
 n - a +0 pair of boots (worn)
   (You found it on level 1 of the Dungeon)
Magical Staves
 u - a staff of cold {!a}
   (You found it on level 2 of the Dungeon)
Wands
 q - a wand of flame (13)
   (You found it on level 2 of the Dungeon)
Scrolls
 e - a scroll of identify {@r1}
 i - a scroll of teleportation {@r4}
 j - a scroll of butterflies
 l - a scroll of enchant weapon
Potions
 d - a potion of might
 g - 2 potions of heal wounds {unknown}
 h - 2 potions of curing {unknown}
 o - a potion of resistance {unknown}
 v - a potion of attraction {!q}

Dungeon Overview and Level Annotations

Branches:
Dungeon (3/15) Zot: 16202

Altars:

Shops:
D:3

* #.# #.# #### ##
#~# #.. .# #~# #
#.##..# #~#
####.###.##..# #.#
#...!g@†.....###.#
#.##.####.#......#
## # #.#......#
... #.######.###.#
#.# #.....# ...
#.# ##..### #.#
#.#######.## #.#
#..........# #.#
#########..#


You could see a gnoll.


Message History

Your hp is fully restored (45).
You see here a +0 pair of gloves.
There is an entrance to Jyilu's General Store here.
You see here a +0 pair of gloves.
k - a +0 pair of gloves You start putting on your armour.
You continue putting on your +0 pair of gloves. x4
You finish putting on your +0 pair of gloves.
Things that are here:
a +0 whip; a gnoll corpse
Things that are here:
a +0 whip; a gnoll corpse
Things that are here:
a +0 spear; a gnoll corpse You now have 124 gold pieces (gained 6).
g - 2 emerald potions (gained 1)
You now have 135 gold pieces (gained 11).
A frilled lizard comes into view.
A frilled lizard is nearby!
A frilled lizard is nearby!
You block the frilled lizard's attack.
You barely miss the frilled lizard.
The frilled lizard bites you but does no damage.
A frilled lizard is nearby!
You barely miss the frilled lizard. The frilled lizard barely misses you.
The frilled lizard bites you but does no damage.
You miss the frilled lizard. You block the frilled lizard's attack.
A frilled lizard is nearby!
You slash the frilled lizard!
You kill the frilled lizard!
No target in view!
An adder comes into view.
The adder hisses angrily.
A gnoll comes into view. It is wielding a +0 whip.
The gnoll shouts!
You hear a shout!
A gnoll comes into view. It is wielding a +0 club.
You miss the adder.
The gnoll shouts!
The adder bites you but does no damage.
There are monsters nearby!
There are monsters nearby!
Unknown command.
You slash the adder!
You kill the adder!
A gnoll comes into view. It is wielding a +0 halberd.
You see here an adder corpse.
You hit the gnoll. The gnoll hits you with a +0 club!
You hit the gnoll but do no damage. The gnoll hits you with a +0 club.
The gnoll completely misses you. 😕 HP[-9]
You take 9 damage, and now have 36/45 hp.
You closely miss the gnoll. The gnoll hits you with a +0 club.
You barely miss the gnoll.
The gnoll hits you with a +0 club. 😮 HP[-8]
You take 8 damage, and now have 28/45 hp.
You are too injured to fight recklessly!
You are too injured to fight recklessly!
Unknown command.
You are too injured to fight recklessly!
You are too injured to fight recklessly!
You slash the gnoll!
You kill the gnoll!
You barely miss the gnoll. You block the gnoll's attack.
The gnoll completely misses you.
Unknown command. 😮 HP[+1]
You hit the gnoll.
You feel better. The gnoll closely misses you.
The gnoll hits you but does no damage.
The gnoll hits you from afar with a +0 halberd!
The gnoll hits you with a +0 whip.
* * * LOW HITPOINT WARNING * * *
😨 HP[-10]
You take 10 damage, and now have 19/45 hp.
MASSIVE DAMAGE!! (PAUSE)
You hit the gnoll.
You feel better. The gnoll closely misses you.
The gnoll barely misses you. 😮 HP[+4]
You regained 4 hp, and now have 23/45 hp.
You barely miss the gnoll. The gnoll hits you with a +0 whip.
* * * LOW HITPOINT WARNING * * *
The gnoll hits you but does no damage. 😨 HP[-2]
You take 2 damage, and now have 21/45 hp.
You slash the gnoll!
You kill the gnoll!
The gnoll hits you from afar with a +0 halberd.
* * * LOW HITPOINT WARNING * * *
😨 HP[-6]
You take 6 damage, and now have 15/45 hp.
The gnoll hits you with a +0 halberd.
* * * LOW HITPOINT WARNING * * *
Things that are here:
a +0 whip; a +0 club; a gnoll corpse Unknown command. 😨 HP[-3]
You take 3 damage, and now have 12/45 hp.
You closely miss the gnoll. The gnoll hits you with a +0 halberd.
* * * LOW HITPOINT WARNING * * *
The gnoll hits you with a +0 halberd!
You die...

Skill      XL: |  1  2  3  4  5 |
---------------+----------------+-----
Axes           | 3 4 5 6 7 |  7.6
Fighting       | |  3.6
Armour         | |  3.2
Shields        | |  3.2

Action                     |  1- 3 |  4- 6 || total
---------------------------+-------+-------++-------
  Melee: War axe           |    67 |    68 ||   135
    Use: Scroll            |       |     8 ||     8
 Armour: Scale mail        |    32 |    27 ||    59
  Dodge: Dodged            |    36 |    37 ||    73
  Block: Buckler           |    10 |    15 ||    25

Levels and vault maps discovered:
D:1:      wander_arrival_estate, layout_basic
D:2:      layout_rooms, chequers_ecumenical_altar_simple, grunt_ministairs_6,
          minmay_divided_ellipse
D:3:      layout_loops_ring, serial_shops, shop, corexii_corridor_pit,
          uniq_sigmund

Notes
Turn   | Place    | Note
-------+----------+-------------------------------------------
     0 | D:1      | kae the Hill Orc Fighter began the quest for the Orb.
     0 | D:1      | Reached XP level 1. HP: 19/19 MP: 1/1
     0 | D:1      | magus.rc [v1.11.3]
    72 | D:1      | Reached skill level 3 in Axes
    82 | D:1      | You pick up a book of Blood and begin reading...
    82 | D:1      | You add the spells Sublimation of Blood, Wereblood and
                  | Summon Hydra to your library.
   120 | D:1      | Reached XP level 2. HP: 24/26 MP: 2/2
   164 | D:1      | Reached skill level 4 in Axes
   498 | D:1      | You pick up a book of Dangerous Friends and begin
                  | reading...
   498 | D:1      | You add the spells Summon Guardian Golem, Orb of
                  | Destruction and Spellforged Servitor to your library.
   887 | D:2      | Reached XP level 3. HP: 28/31 MP: 3/3
   943 | D:2      | Found a faded altar of an unknown god.
  1015 | D:2      | Reached skill level 5 in Axes
  1093 | D:2      | Reached XP level 4. HP: 38/39 MP: 4/4
  1221 | D:2      | Reached skill level 6 in Axes
  1242 | D:2      | You pick up a book of Geomancy and begin reading...
  1242 | D:2      | You add the spells Sandblast, Passwall and Stone Arrow to
                  | your library.
  1563 | D:3      | Reached XP level 5. HP: 45/45 MP: 5/5
  1634 | D:3      | Found Jyilu's General Store.
  1637 | D:3      | Reached skill level 7 in Axes
  1759 | D:3      | HP: 7/45 [gnoll/+0 halberd (6)]
  1759 | D:3      | Slain by a gnoll

Vanquished Creatures
  An iguana (D:2)
  An orc wizard (D:3)
  7 gnolls (D:3)
  3 adders
  3 orcs
  4 ball pythons
  3 endoplasms
  A giant cockroach (D:2)
  5 hobgoblins
  6 kobolds
  A quokka (D:1)
  2 bats (D:1)
  6 frilled lizards
  3 goblins (D:1)
  5 rats
51 creatures vanquished.

Table legend:
 A = Non-vault XP
 B = Vault XP
 C = Vault XP percentage of total XP
 D = Non-vault monster count
 E = Vault monster count
 F = Vault count percentage of total count
                 A         B        C        D         E       F
            +---------+---------+-------+---------+---------+-------
      Total |     192 |      81 |  29.7 |      37 |      14 |  27.5
            +---------+---------+-------+---------+---------+-------
        D:1 |      29 |       0 |   0.0 |      19 |       0 |   0.0
        D:2 |       8 |      81 |  91.0 |       5 |      14 |  73.7
        D:3 |     155 |       0 |   0.0 |      13 |       0 |   0.0
            +---------+---------+-------+---------+---------+-------

Illustrated notes

Table legend:
 A = Kills in this place as a percentage of kills in the entire game.
 B = Kills by you in this place as a percentage of kills by you in the entire game.
 C = Kills by friends in this place as a percentage of kills by friends in the entire game.
 D = Other kills in this place as a percentage of other kills in the entire game.
 E = Experience gained in this place as a percentage of experience gained in the entire game.
 F = Experience gained in this place divided by the number of levels of this place that you have seen.
                   A       B       C       D       E      F
               +-------+-------+-------+-------+-------+----------------------
         Total | 100.0 | 100.0 |   N/A |   N/A | 100.0 |  91.0
       Dungeon | 100.0 | 100.0 |   N/A |   N/A | 100.0 |  91.0
               +-------+-------+-------+-------+-------+----------------------

Table legend: (Time is in decaauts)
 A = Elapsed time spent in this place.
 B = Non-inter-level travel time spent in this place.
 C = Inter-level travel time spent in this place.
 D = Time resting spent in this place.
 E = Time spent auto-exploring this place.
 F = Levels seen in this place.
 G = Mean time per level.
                   A        B        C        D        E       F      G
               +--------+--------+--------+--------+--------+-----+--------+
         Total |   1796 |   1686 |    110 |      0 |   1357 |   3 |  598.7 |
       Dungeon |   1796 |   1686 |    110 |      0 |   1357 |   3 |  598.7 |
               +--------+--------+--------+--------+--------+-----+--------+

Top non-repeatable levels by time:
     D:1: 866 daAuts
     D:2: 683 daAuts
     D:3: 246 daAuts
